 Dungeon Crawl Stone Soup version 0.30-a0-1075-gcd70e7a56d (webtiles) character file.

Game seed: 10611353975258625379

37523 jasper the Thaumaturge (level 13, -9/115 HPs)
             Began as a White Draconian Conjurer on Apr 14, 2023.
             Was an Elder of Sif Muna.
             Mangled by a polar bear (19 damage)
             ... on level 5 of the Lair of Beasts.
             The game lasted 00:29:22 (16457 turns).

jasper the Thaumaturge (White Draconian Conjurer)  Turns: 16457, Time: 00:29:22

Health: -9/115     AC: 13    Str:  9    XL:     13   Next: 58%
Magic:  7/30       EV: 14    Int: 27    God:    Sif Muna [****..]
Gold:   563        SH:  3    Dex:  9    Spells: 28/38 levels left

rFire   . . .      SeeInvis .    d - +4 hand crossbow (flame)
rCold   + . .      Faith    +    m - -1 buckler of Defence {Int+2 Slay+2}
rNeg    . . .      Spirit   .    (body armour unavailable)
rPois   +          Reflect  .    V - +0 hat
rElec   .          Rampage  .    A - +0 cloak
rCorr   .                        G - +2 pair of gloves
Will    .....                    Q - +0 pair of boots
Stlth   ++                       N - amulet of faith
HPRegen 0.39/turn                U - +4 ring of slaying
MPRegen 0.22/turn                B - ring of poison resistance

@: short of breath
A: breathe frost, AC +8, unfitting armour, cold resistance 1, cold-blooded
a: Breathe Frost, Renounce Religion, Channel Magic, Forget Spell, Divine
Exegesis


You were on level 5 of the Lair of Beasts.
You worshipped Sif Muna.
Sif Muna was greatly pleased with you.
You visited 2 branches of the dungeon, and saw 17 of its levels.

You collected 987 gold pieces.
You spent 424 gold pieces at shops.

Inventory:

Hand Weapons
 d - a +4 hand crossbow of flaming (weapon)
 I - a +5 double sword
 X - a +1 demon whip of venom
Missiles
 w - 2 throwing nets
Armour
 m - the -1 buckler of Defence (worn) {Int+2 Slay+2}
   (You acquired it on level 3 of the Dungeon)

   Int:       It affects your intelligence (+2).
   Slay:      It affects your accuracy & damage with ranged weapons and melee
   (+2).
 A - a +0 cloak (worn)
 G - a +2 pair of gloves (worn)
 Q - a +0 pair of boots (worn)
 V - a +0 hat (worn)
Jewellery
 b - a ring of flight
 c - a ring of protection from cold
 h - a +5 ring of evasion
 i - a +6 ring of strength
 s - an amulet of magic regeneration
 B - a ring of poison resistance (right hand)
 H - a ring of protection from cold
 N - an amulet of faith (around neck)
 R - the ring "Dett" {Fire rCorr}
   (You found it on level 10 of the Dungeon)

   [ring of fire]

   It enhances your fire magic.
   rF:        It protects you from fire.
   rC:        It makes you vulnerable to cold.
   rCorr:     It protects you from acid and corrosion.
 T - a ring of fire
 U - a +4 ring of slaying (left hand)
Wands
 u - a wand of paralysis (18)
 C - a wand of mindburst (25)
 L - a wand of polymorph (10)
 M - a wand of quicksilver (6)
Scrolls
 f - 2 scrolls of enchant armour
 g - 3 scrolls of magic mapping
 p - a scroll of immolation
 v - a scroll of enchant weapon
 y - 2 scrolls of fear
 D - 5 scrolls of poison
 F - 2 scrolls of silence
 K - 5 scrolls of teleportation
 Z - a scroll of butterflies
Potions
 a - 6 potions of magic
 e - a potion of attraction
 k - 4 potions of flight
 l - 2 potions of resistance
 n - 2 potions of brilliance
 o - 6 potions of curing
 q - 2 potions of invisibility
 r - a potion of mutation
 x - 2 potions of might
 z - 4 potions of degeneration
 E - 3 potions of haste
 J - 2 potions of berserk rage
 O - 2 potions of ambrosia
 S - a potion of lignification
 Y - 2 potions of cancellation


   Skills:
 + Level 10.9 Fighting
 + Level 9.5 Dodging
 - Level 1.7 Stealth
 - Level 4.0 Shields
 * Level 13.1 Spellcasting
 - Level 7.3 Conjurations
 - Level 4.0 Hexes
 - Level 6.5 Translocations
 + Level 7.8 Invocations


You had 28 spell levels left.
You knew the following spells:

 Your Spells              Type           Power      Damage    Failure   Level
a - Iskenderun's Mystic   Conj/Tloc      53%        2d11      2%          4
b - Searing Ray           Conj           100%       2d8       1%          2
c - Fulminant Prism       Conj/Hex       24%        3d12      3%          4

Your spell library contained the following spells:

 Spells                   Type           Power      Damage    Failure   Level
 Magic Dart               Conj           100%       1d8       1%          1
 Lesser Beckoning         Tloc           100%       N/A       1%          2
 Dazzling Flash           Conj/Hex       96%        N/A       1%          3
 Gell's Gravitas          Tloc           52%        N/A       1%          3
 Teleport Other           Tloc           52%        N/A       1%          3
 Sting                    Tmut/Pois      68%        1d6       4%          1
 Call Imp                 Summ           34%        N/A       6%          2
 Poisonous Vapours        Pois/Air       34%        N/A       6%          2
 Sublimation of Blood     Necr           17%        N/A       6%          2
 Irradiate                Conj/Tmut      18%        3d17      24%         5
 Olgreb's Toxic Radiance  Pois           17%        N/A       36%         4
 Petrify                  Tmut/Erth      17%        N/A       36%         4
 Summon Lightning Spire   Summ/Air       17%        N/A       36%         4
 Malign Gateway           Summ/Tloc      17%        N/A       100%        7
 Discord                  Hex            19%        N/A       100%        8
 Ignition                 Fire           8%         3d5       100%        8
 Summon Horrible Things   Summ           8%         N/A       100%        8


Dungeon Overview and Level Annotations

Branches:
Dungeon (12/15)              Lair (5/5) D:8          Shoals (0/4) Lair:3
  Snake (0/4) Lair:3          Orc (0/2) D:10
 Temple: D:4-7        Slime: Lair:4-5

Altars:
Ashenzari
Dithmenos
Elyvilon
Fedhas
Hepliaklqana
Kikubaaqudgha
Okawaru
Qazlal
Sif Muna
Trog
Wu Jian
Zin
The Shining One

Shops:
D:4 !   D:5 *   D:9 !   D:11 (

Annotations:
D:9 6 transporters
Lair:4 exclusions: ice statue and 4 oklob plants


Innate Abilities, Weirdness & Mutations

You can breathe waves of freezing cold which knock back foes.
Your icy white scales are hard. (AC +8)
You cannot fit into any form of body armour.
Your flesh is cold resistant. (rC+)
You are cold-blooded and may be slowed by cold attacks.


Message History

Your fulminant prism crackles loudly.
Your fulminant prism explodes!
The blast of energy engulfs the polar bear!
The polar bear is heavily wounded.
You hear an angry growl.
You hear a howl!
Aiming: Breathe Frost (2% risk of failure)
Press: ? - help, Shift-Dir - straight line, f - polar bear
Aim: a polar bear (heavily wounded, 79% to hit)
You exhale a wave of freezing cold.
The freezing breath misses the polar bear.
The freezing breath hits the polar bear.
The polar bear resists.
The polar bear is heavily wounded.
Casting: Fulminant Prism (mildly dangerous; 3% risk of failure)
Confirm with . or Enter, or press ? or * to list all spells.
You erupt in a blast of force!
The mystic blast hits the polar bear!
The polar bear is almost dead.
The polar bear is knocked back by the mystic blast.
The polar bear slams into the rock wall!
You kill the polar bear!
Sif Muna accepts your kill.
The mystic blast hits the polar bear!
The polar bear is almost dead.
The polar bear is knocked back by the mystic blast.
The polar bear goes berserk!
You now have 10/30 mp.
Casting: Iskenderun's Mystic Blast (mildly dangerous; 2% risk of failure)
Confirm with . or Enter, or press ? or * to list all spells.
You erupt in a blast of force!
The mystic blast hits the polar bear.
The polar bear is almost dead.
The polar bear is knocked back by the mystic blast.
The polar bear slams into the rock wall!
The polar bear is almost dead.
You now have 6/30 mp.
Fire: d) +4 hand crossbow (flame)
Press: ? - help, Q - select action, (/) - cycle Shift-Dir - straight line, f - polar bear
Aim: a polar bear (almost dead, berserk, 76% to hit)
You shoot a bolt. The bolt closely misses the polar bear.
The polar bear bites you!!
You die...

######P## ####..
#######.##....# # #.#..P
#....#.......## .####
#....P ###.............#
.....
......##.#..............
..#.#
.......#................
###
#............###########
#.........####
##....@†## ##.....h##
#......†#### ###
#......#...######## #.#.
##....#...h.#.#.#.##.#..
#..P#......††.†..#.#.†.
#######...#........#†..
####.#...#.†..#
#######.†###


You could see a polar bear (berserk).

Vanquished Creatures
  Gastronok (Lair:2)
  Snorg (Lair:5)
  Josephine (Lair:4)
  An ice dragon (Lair:4)
  2 hydras
  4 two-headed ogres
  Urug (Lair:2)
  Amaemon (Lair:3)
  A skyshark (Lair:4)
  Pikel (D:5)
  An ugly thing (D:11)
  A merfolk siren (Lair:3)
  3 elephants
  2 manticores
  Maurice (D:10)
  Joseph (D:7)
  8 cane toads
  5 black mambas
  A gargoyle (D:11)
  An orange demon (Lair:3)
  A freezing wraith (D:12)
  A rime drake (Lair:1)
  8 komodo dragons
  7 polar bears
  3 merfolk (Lair:3)
  2 trolls
  A raiju (Lair:5)
  4 blink frogs (Lair:2)
  Sigmund (D:6)
  2 shadows
  33 yaks
  3 wyverns
  2 basilisks (Lair:5)
  6 wraiths
  A steam dragon (Lair:3)
  2 acid dragons
  A warg (Lair:5)
  3 nagas (Lair:3)
  5 hell hounds (Lair:5)
  13 water moccasins
  2 orc warriors
  11 black bears
  9 ice beasts
  6 wolves (Lair:5)
  3 lemures (D:5)
  2 centaurs
  2 kobold brigands
  3 phantoms
  12 bullfrogs
  Blork the orc (D:5)
  A scorpion (D:5)
  A gnoll sergeant (D:5)
  5 wights (D:10)
  9 killer bees
  9 howler monkeys
  2 jellies
  A hound (D:5)
  Crazy Yiuf (D:5)
  6 orc priests
  2 gnoll boudas
  3 iguanas
  9 orc wizards
  16 gnolls
  8 adders
  A white imp (D:7)
  A worm (D:4)
  4 dart slugs
  34 orcs
  3 bats
  10 endoplasms
  3 giant cockroaches
  2 goblins (D:1)
  4 hobgoblins
  6 jackals
  2 quokkas
  10 ball pythons
  5 frilled lizards
  11 kobolds
  2 rats
359 creatures vanquished.

Vanquished Creatures (others)
  An orc wizard (D:11)
  14 fulminant prisms
  15 fungi
  32 plants
62 creatures vanquished.

Grand Total: 421 creatures vanquished

Notes
Turn   | Place    | Note
-------+----------+-------------------------------------------
     0 | D:1      | jasper the Draconian Conjurer began the quest for the Orb.
     0 | D:1      | Reached XP level 1. HP: 14/14 MP: 3/3
   267 | D:1      | Reached XP level 2. HP: 20/20 MP: 1/5
   270 | D:1      | Learned a level 2 spell: Searing Ray
   742 | D:1      | Found a faded altar of an unknown god.
  1147 | D:1      | Reached skill level 5 in Conjurations
  1228 | D:1      | Identified a scroll of acquirement
  1228 | D:1      | Acquired a +2 hand crossbow of flaming
  1264 | D:2      | Reached XP level 3. HP: 26/26 MP: 6/6
  1657 | D:2      | Noticed a phantom
  1663 | D:2      | Killed a phantom
  1664 | D:2      | Reached XP level 4. HP: 28/33 MP: 1/7
  1732 | D:2      | Reached XP level 5. HP: 38/38 MP: 4/8
  2180 | D:3      | Acquired the -1 buckler of Defence {Int+2 Slay+2}
  2194 | D:3      | Learned a level 4 spell: Fulminant Prism
  2383 | D:3      | Reached skill level 1 in Shields
  2387 | D:3      | Reached XP level 6. HP: 44/45 MP: 3/9
  3195 | D:4      | Found Novvirif's Distillery.
  3207 | D:4      | Bought a potion of curing for 42 gold pieces
  3207 | D:4      | Bought a potion of curing for 42 gold pieces
  3929 | D:5      | Entered Level 5 of the Dungeon
  3929 | D:5      | Noticed Blork the orc
  3934 | D:5      | Killed Blork the orc
  3995 | D:5      | Reached skill level 1 in Hexes
  3995 | D:5      | Your scales start taking on an icy white colour.
  3995 | D:5      | Reached XP level 7. HP: 50/50 MP: 7/10
  3995 | D:5      | Gained mutation: Your flesh is cold resistant. (rC+) [White
                  | Draconian growth]
  4008 | D:5      | Identified the +4 war axe of the Moon {antimagic, Fragile
                  | Dex+8}
  4161 | D:5      | Found Qeggautt's Serpentskin Sales.
  4180 | D:5      | Learned a level 4 spell: Iskenderun's Mystic Blast
  4319 | D:5      | Found a glowing silver altar of Zin.
  4493 | D:5      | Reached skill level 1 in Translocations
  4507 | D:5      | Reached XP level 8. HP: 49/57 MP: 1/11
  4778 | D:5      | Noticed Pikel
  4789 | D:5      | Killed Pikel
  4917 | D:5      | Found a runed translucent door.
  4918 | D:5      | Noticed Crazy Yiuf
  4939 | D:5      | Found a hazy altar of Hepliaklqana.
  4972 | D:5      | Killed Crazy Yiuf
  5036 | D:5      | Bought a ring of poison resistance for 220 gold pieces
  5055 | D:6      | Noticed Sigmund
  5269 | D:6      | Killed Sigmund
  5270 | D:6      | Reached skill level 1 in Fighting
  5345 | D:6      | Reached skill level 3 in Spellcasting
  5558 | D:6      | Noticed a boulder beetle
  5559 | D:6      | Noticed a manticore
  5684 | D:7      | Reached XP level 9. HP: 64/67 MP: 4/13
  5718 | D:7      | Reached skill level 4 in Spellcasting
  5871 | D:7      | Noticed a manticore
  5872 | D:7      | Noticed Joseph
  5901 | D:7      | Killed a manticore
  5907 | D:7      | Reached skill level 5 in Spellcasting
  5909 | D:7      | Killed Joseph
  6126 | D:7      | Reached skill level 6 in Spellcasting
  6652 | D:8      | Noticed a two-headed ogre
  6657 | D:8      | Killed a two-headed ogre
  6658 | D:8      | Reached skill level 5 in Fighting
  6658 | D:8      | Reached XP level 10. HP: 81/81 MP: 13/19
  6658 | D:8      | Noticed a two-headed ogre
  6662 | D:8      | Killed a two-headed ogre
  6663 | D:8      | Reached skill level 5 in Dodging
  6663 | D:8      | Reached skill level 7 in Spellcasting
  7036 | D:8      | Found a staircase to the Lair.
  7480 | D:9      | Found an ancient bone altar of Kikubaaqudgha.
  7493 | D:9      | Reached skill level 8 in Spellcasting
  7520 | D:9      | Noticed a two-headed ogre
  7525 | D:9      | Killed a two-headed ogre
  7538 | D:9      | Found a transporter.
  7540 | D:9      | Found a transporter.
  7861 | D:9      | Found a transporter.
  7863 | D:9      | Found a transporter.
  7872 | D:9      | Found a transporter.
  7876 | D:9      | Found a transporter.
  7960 | D:9      | Reached XP level 11. HP: 92/92 MP: 12/23
  7974 | D:9      | Reached skill level 9 in Spellcasting
  8057 | D:9      | Found Koqaqaump's Distillery.
  8065 | D:9      | Bought a potion of haste for 120 gold pieces
  8152 | D:10     | Entered Level 10 of the Dungeon
  8194 | D:10     | Identified the ring "Dett" {Fire rCorr}
  8242 | D:10     | Noticed Maurice
  8243 | D:10     | Paralysed by Maurice for 5 turns
  8254 | D:10     | Killed Maurice
  8308 | D:10     | Found a blossoming altar of Fedhas.
  8444 | D:10     | Found a staircase to the Orcish Mines.
  8538 | D:10     | Found an iron altar of Okawaru.
  8540 | D:10     | Found a shimmering blue altar of Sif Muna.
  8548 | D:10     | Found a stormy altar of Qazlal.
  8550 | D:10     | Found a white marble altar of Elyvilon.
  8552 | D:10     | Found a broken altar of Ashenzari.
  8558 | D:10     | Found an ornate altar of the Wu Jian Council.
  8560 | D:10     | Found a bloodstained altar of Trog.
  8623 | D:10     | Found a shadowy altar of Dithmenos.
  8633 | D:10     | Found a glowing golden altar of the Shining One.
  9288 | D:10     | Became a worshipper of Sif Muna the Loreminder
  9335 | D:11     | Noticed a red ugly thing
  9407 | D:11     | Identified the +5 scimitar of Juokas {antimagic, Will+
                  | Str+3}
  9449 | D:11     | Found Satat's Antique Weapon Boutique.
  9643 | D:11     | Reached skill level 1 in Invocations
  9654 | D:11     | Killed a red ugly thing
  9911 | D:11     | Noticed a two-headed ogre
  9918 | D:11     | Killed a two-headed ogre
 10253 | D:11     | Identified the +5 ring mail of the Land of Plenty {rC++
                  | Will+}
 10391 | D:11     | Reached skill level 10 in Spellcasting
 10677 | Lair:1   | Entered Level 1 of the Lair of Beasts
 11584 | Lair:2   | Noticed Urug
 11592 | Lair:2   | Reached * piety under Sif Muna
 11603 | Lair:2   | Killed Urug
 11796 | Lair:2   | Reached XP level 12. HP: 89/103 MP: 18/26
 12114 | Lair:2   | Noticed Gastronok
 12175 | Lair:2   | Killed Gastronok
 12176 | Lair:2   | Reached skill level 11 in Spellcasting
 12433 | Lair:2   | Identified the +8 war axe "Lifebane" {antimagic, Str+3}
 12771 | Lair:3   | Reached skill level 5 in Invocations
 12856 | Lair:3   | Noticed Amaemon
 12871 | Lair:3   | Killed Amaemon
 13127 | Lair:3   | Reached ** piety under Sif Muna
 13160 | Lair:3   | Found a staircase to the Snake Pit.
 13328 | Lair:3   | Got the Handbook of Generative Degeneration
 13458 | Lair:3   | Found a staircase to the Shoals.
 13757 | Lair:3   | You fall into a shaft and drop 2 floors!
 13757 | Lair:5   | Entered Level 5 of the Lair of Beasts
 13806 | Lair:5   | Noticed Snorg
 13815 | Lair:5   | Killed Snorg
 13864 | Lair:5   | Reached skill level 12 in Spellcasting
 13873 | Lair:5   | Reached skill level 10 in Fighting
 14287 | Lair:4   | Reached XP level 13. HP: 98/113 MP: 4/29
 14677 | Lair:4   | Reached *** piety under Sif Muna
 15077 | Lair:4   | Noticed Josephine
 15384 | Lair:4   | Killed Josephine
 16406 | Lair:5   | Reached skill level 13 in Spellcasting
 16407 | Lair:5   | Reached **** piety under Sif Muna
 16427 | Lair:5   | HP: 4/115 [hell hound/blast of flame (18)]
 16436 | Lair:5   | HP: 2/115 [polar bear (9)]
 16457 | Lair:5   | Mangled by a polar bear

Illustrated notes

Levels and vault maps discovered:
D:1:      dpeg_arrival_round_b, layout_basic,
          shapermc_ecumenical_altar_starsandcircs, minivault_26
D:2:      layout_loops_ring
D:3:      layout_loops_ring
D:4:      layout_basic, serial_shops, nicolae_shop_behind_doors,
          minmay_misc_feat_alley
D:5:      layout_rooms, overflow_temple_1_default, general_overflow_altar,
          guppyfry_shop_venom, uniq_pikel, uniq_crazy_yiuf_cottage,
          uniq_blork_the_orc
D:6:      layout_gridville, minmay_temple_entry_wispy, nicolae_elemental_shop,
          minmay_manual_moon, uniq_menkaure, uniq_sigmund
D:7:      layout_loops_ring, kb_rosetta, uniq_joseph
D:8:      layout_basic, dpeg_oklobed_lair, interstate_on_off
D:9:      layout_big_octagon, nicolae_overflow_crystal_walls, serial_shops,
          shop, nicolae_eternal_life, serial_nicolae_subway,
          nicolae_sub_station_crystal, nicolae_sub_station_stone,
          nicolae_sub_station_metal
D:10:     layout_basic, nicolae_overflow_hallway_of_the_gods,
          mainiacjoe_overflow_brackets, amethyst_overflow_temple_binary,
          orc_0_dummy, uniq_maurice
D:11:     layout_rooms, serial_shops, nicolae_lakefront_shop,
          gauntlet_entry_generic, serial_curves, eino_curves_01, eino_curves_03,
          eino_curves_02
D:12:     minmay_quarter_circles, layout_cave_pools, hex_tiny
Lair:1:   layout_chaotic_city, grunt_megastairs_2, infiniplex_staircase_pool_2,
          serial_bayou_shore_b
Lair:2:   layout_roguey, grunt_megastairs_4, uniq_gastronok, uniq_urug
Lair:3:   layout_regular_city, elwin_shoals_entry_stream,
          minmay_snake_entry_guardpost_small, minmay_hedge_maze,
          infiniplex_staircase_pool, serial_bayou_shore_b, serial_bayou_shore_b,
          uniq_amaemon
Lair:4:   layout_gridlike, minmay_slime_entry_oklob_open, minivault_26,
          ice2_lemuel, uniq_josephine
Lair:5:   hangedman_lair_caniforms_friends, layout_cave_pods, uniq_snorg

Skill      XL: |  1  2  3  4  5  6  7  8  9 10 11 12 13 |
---------------+----------------------------------------+-----
Conjurations   | 5 6 7 |  7.3
Shields        | 1 4 |  4.0
Hexes          | 1 4 |  4.0
Translocations | 2 6 |  6.5
Fighting       | 2 5 7 8 10 | 10.9
Dodging        | 2 4 6 7 8 9 |  9.5
Spellcasting   | 3 6 8 10 12 13 | 13.1
Invocations    | 3 6 7 |  7.8
Stealth        | |  1.7

Action                     |  1- 3 |  4- 6 |  7- 9 | 10-12 | 13-15 || total
---------------------------+-------+-------+-------+-------+-------++-------
  Melee: Unarmed           |     2 |       |       |       |       ||     2
   Fire: Hand crossbow     |    21 |    75 |    97 |   323 |   111 ||   627
   Cast: Magic Dart        |    42 |       |       |       |       ||    42
         Searing Ray       |     3 |     7 |    15 |    10 |     1 ||    36
         Iskenderun's Myst |       |       |    18 |   131 |    73 ||   222
         Fulminant Prism   |       |       |     6 |     5 |     3 ||    14
 Invoke: Channel Magic     |       |       |       |       |     3 ||     3
Ability: Breathe Frost     |       |       |    12 |    33 |     3 ||    48
  Evoke: Wand              |       |       |     2 |    15 |     1 ||    18
    Use: Scroll            |     6 |    10 |     1 |    14 |       ||    31
         Potion            |       |       |     3 |     1 |     4 ||     8
 Armour: Skin              |     8 |    13 |    22 |    62 |    97 ||   202
  Dodge: Dodged            |    15 |    54 |    81 |   177 |   122 ||   449
  Block: Buckler           |       |     5 |    20 |    29 |    33 ||    87

Table legend: (Time is in decaauts)
 A = Elapsed time spent in this place.
 B = Non-inter-level travel time spent in this place.
 C = Inter-level travel time spent in this place.
 D = Time resting spent in this place.
 E = Time spent auto-exploring this place.
 F = Levels seen in this place.
 G = Mean time per level.
                   A        B        C        D        E       F      G
               +--------+--------+--------+--------+--------+-----+--------+
         Total |  17092 |  16411 |    681 |   1142 |  12669 |  17 | 1005.4 |
       Dungeon |  11016 |  10402 |    614 |    845 |   8009 |  12 |  918.0 |
          Lair |   6076 |   6009 |     67 |    297 |   4660 |   5 | 1215.2 |
               +--------+--------+--------+--------+--------+-----+--------+

Top non-repeatable levels by time:
  Lair:4: 1605 daAuts
  Lair:3: 1476 daAuts
     D:5: 1366 daAuts
    D:11: 1270 daAuts
     D:1: 1258 daAuts
  Lair:2: 1256 daAuts
     D:7: 1175 daAuts
     D:4: 1069 daAuts
     D:3: 897 daAuts
  Lair:1: 892 daAuts
    D:10: 869 daAuts
     D:8: 864 daAuts
     D:9: 861 daAuts
  Lair:5: 845 daAuts
     D:2: 786 daAuts
